 Dungeon Crawl Stone Soup version 0.16.0-17-g811c1d7 (webtiles) character file.

213298 Zugr the Eclecticist (level 18, -7/163 HPs)
             Began as a Purple Draconian Conjurer on Mar 19, 2015.
             Was the Champion of Vehumet.
             Shot with an arrow by a deep elf priest (8 damage)
             ... on level 2 of the Elven Halls on Mar 21, 2015.
             The game lasted 07:50:42 (56200 turns).

Zugr the Eclecticist (Purple Draconian Conjurer)   Turns: 56200, Time: 07:50:42

Health: -7/163     AC: 16    Str: 11    XL:     18   Next: 64%
Magic:  4/49       EV: 19    Int: 28    God:    Vehumet [******]
Gold:   2951       SH:  5    Dex: 14    Spells: 13 memorised, 9 levels left

rFire  + . .     SeeInvis .     A - +10 spear of Quick Death {venom, MP+9 Int+3}
rCold  . . .     Clarity  +     (armour unavailable)
rNeg   + . .     SustAb   .     q - +0 buckler
rPois  .         Gourm    .     E - +2 hat {MR+}
rElec  +         Spirit   .     o - +1 cloak
rCorr  .         Warding  .     Y - +0 pair of gloves
rMut   .         Stasis   .     R - +0 pair of boots
MR     +++..                    H - amulet of Darkness {Clar rF+}
Stlth  ++........               F - ring of Jody {rElec rN+ Int+4}
                                C - ring of wizardry

@: lethally poisoned (-7 -> -9), sluggish, about to teleport, slowed, very slow,
extremely resistant to hostile enchantments, unstealthy
A: breathe power, unfitting armour, cold-blooded, AC +10
a: Breathe Dispelling Energy, Renounce Religion


You were on level 2 of the Elven Halls.
You worshipped Vehumet.
Vehumet was exalted by your worship.
You were near starving.

You visited 7 branches of the dungeon, and saw 37 of its levels.
You also visited: Ice Cave.

You collected 3836 gold pieces.
You spent 885 gold pieces at shops.

Inventory:

Hand weapons
 d - the +8 quarterstaff "Eduimna" {crush, Contam +Rage MP+9}
   (You found it on level 14 of the Dungeon)

   It inflicts extra damage upon your enemies.
   It affects your magic capacity (+9).
   It lets you go berserk.
   It causes magical contamination when unequipped.
 A - the +10 spear of Quick Death (weapon) {venom, MP+9 Int+3}
   (You found it on level 5 of the Dungeon)

   It poisons the flesh of those it strikes.
   It affects your intelligence (+3).
   It affects your magic capacity (+9).
Armour
 o - a +1 cloak (worn)
 q - a +0 buckler (worn)
 E - a +2 hat of magic resistance (worn)
 R - a +0 pair of boots (worn)
 Y - a +0 pair of gloves (worn)
Magical staves
 y - an uncursed staff of conjuration
Jewellery
 f - an uncursed ring of poison resistance
 l - an uncursed amulet of regeneration
 x - an uncursed ring of magical power
 C - a ring of wizardry (left hand)
 F - the ring of Jody (right hand) {rElec rN+ Int+4}
   (You found it on level 15 of the Dungeon)

   [ring of positive energy]

   It affects your intelligence (+4).
   It insulates you from electricity.
   It protects you from negative energy.
 H - the amulet of Darkness (around neck) {Clar rF+}
   (You found it on level 15 of the Dungeon)

   [amulet of clarity]

   It provides mental clarity.
   It protects you from fire.
 N - an uncursed ring of sustain abilities
Magical devices
 j - a wand of polymorph (12)
 p - a wand of enslavement (18)
 G - a wand of frost (28)
Scrolls
 e - 8 scrolls of identify
 k - a scroll of amnesia
 m - 3 scrolls of holy word
 r - 14 scrolls of remove curse
 s - 2 scrolls of teleportation
 t - 11 scrolls of enchant armour
 u - 2 scrolls of random uselessness {unknown}
 z - a scroll of brand weapon
 I - a scroll of blinking
 J - a scroll of immolation
 L - 2 scrolls of fear
 O - 3 scrolls of enchant weapon
 P - a scroll of fog
 T - 2 scrolls of magic mapping
 Z - 2 scrolls of recharging
Potions
 a - 3 potions of curing
 g - 4 potions of restore abilities
 i - 4 potions of ambrosia
 n - 2 potions of cure mutation
 v - 8 potions of haste
 B - a potion of invisibility
 M - a potion of agility
 Q - 3 potions of brilliance
 S - 9 potions of might
 W - 3 potions of resistance
Books
 V - a book of Air

   Spells                             Type                      Level
   a - Shock                          Conjuration/Air              1
   b - Swiftness                      Charms/Air                   2
   c - Repel Missiles                 Charms/Air                   2
   d - Flight                         Charms/Air                   3
   e - Static Discharge               Conjuration/Air              3
   f - Lightning Bolt                 Conjuration/Air              5
 X - a book of Death

   Spells                             Type                      Level
   a - Corpse Rot                     Necromancy                   2
   b - Sublimation of Blood           Necromancy                   2
   c - Agony                          Necromancy                   5
   d - Dispel Undead                  Necromancy                   5
   e - Excruciating Wounds            Charms/Necromancy            5
   f - Bolt of Draining               Conjuration/Necromancy       5
Miscellaneous
 U - a fan of gales
Comestibles
 b - 17 bread rations
 h - 6 fruits
 D - a meat ration


   Skills:
 - Level 15.0 Fighting
 - Level 11.5 Dodging
 - Level 1.7 Stealth
 - Level 5.2 Shields
 - Level 17.6 Spellcasting
 + Level 17.1 Conjurations
 + Level 13.1 Fire Magic


You had 9 spell levels left.
You knew the following spells:

 Your Spells              Type           Power        Failure   Level  Hunger
a - Magic Dart            Conj           ####         0%          1    None
b - Searing Ray           Conj           ######       0%          2    None
c - Dazzling Spray        Conj/Hex       ######..     1%          3    None
d - Mephitic Cloud        Conj/Pois/Air  ######..     1%          3    None
e - Cure Poison           Pois           ###.......   1%          2    None
f - Fireball              Conj/Fire      #######...   1%          5    None
g - Iskenderun's Battles  Conj/Chrm      ######..     1%          5    None
h - Blink                 Tloc           N/A          1%          2    None
i - Bolt of Fire          Conj/Fire      #######...   1%          6    ##.....
j - Iskenderun's Mystic   Conj           #######.     0%          4    None
l - Iron Shot             Conj/Erth      ######....   1%          6    ##.....
m - Repel Missiles        Chrm/Air       ###...       1%          2    None
n - Swiftness             Chrm/Air       ###.....     1%          2    None


Dungeon Overview and Level Annotations

Branches:
Dungeon (15/15)            Temple (1/1) D:4            Lair (8/8) D:9
  Swamp (2/5) Lair:3       Spider (5/5) Lair:3        Slime (0/6) Lair:7
    Orc (4/4) D:12            Elf (2/3) Orc:3        Vaults (0/5) D:13
 Depths (0/5) D:15

Altars:
Ashenzari
Cheibriados
Dithmenos
Elyvilon
Fedhas
Gozag
Kikubaaqudgha
Makhleb
Nemelex Xobeh
Okawaru
Qazlal
Ru
Sif Muna
Trog
Vehumet
Xom
Yredelemnul
Zin
The Shining One
Beogh

Shops:
Orc:4 ![(=   Elf:1 (

Annotations:
Lair:1 exclusion: ice statue
Lair:3 Chest


Innate Abilities, Weirdness & Mutations

You can breathe bolts of energy.
You can dispel enchantments when you breathe energy.
Your rich purple scales are hard (AC +10).
Your body does not fit into most forms of armour.
Your cold-blooded metabolism reacts poorly to cold.


Message History

You feel better. The short sword of venom hits you!
* * * LOW HITPOINT WARNING * * *
You are poisoned.
You hear some strange, mumbled words.
The deep elf knight hits you with a short sword.
* * * LOW HITPOINT WARNING * * *
You block the war axe of chopping's attack.
The deep elf fighter shoots an arrow.
The arrow hits you but does no damage.
The short sword of venom barely misses you.
A deep elf fighter and a deep elf knight come into view.
Drink which item? (? for menu, Esc to quit)
You feel better. The triple sword of freezing hits you!!
* * * LOW HITPOINT WARNING * * *
The triple sword of freezing freezes you.
* * * LOW HITPOINT WARNING * * *
You feel yourself slow down.
The short sword of venom hits you but does no damage.
You are lethally poisoned!
The deep elf priest shoots an arrow.
The arrow hits you!
You die...

#########
...........
.............
.............
...........#
#.......#
##(.(..##
#.e@(...#
#...........#
...............
...e...........
.e.....e...e...
.......#....e
..e..###...


eY.. .. . You could see 3 deep elf knights, 2 deep elf priests, an ice beast, 2
deep elf fighters, a deep elf mage and 3 dancing weapons.

Vanquished Creatures
  Arachne (Spider:2)
  Agnes (Spider:3)
  Frances (Spider:4)
  A frost giant (IceCv)
  A deep elf sorcerer (Elf:2)
  2 emperor scorpions (Spider:3)
  A ghost moth (Spider:5)
  Gastronok (Lair:2)
  4 vault guards (D:13)
  A fire dragon (Lair:8)
  A deep elf high priest (Elf:1)
  5 alligators
  Erica (Lair:3)
  4 centaur warriors
  9 dancing weapons
  7 hydras
  A death yak (Lair:8)
  4 orc high priests
  Erolcha (D:8)
  A fire crab (Lair:8)
  13 deep elf knights
  4 unseen horrors
  4 wizards
  4 deep elf summoners
  3 swamp dragons
  2 lindwurms (D:13)
  5 hill giants
  2 orc knights
  The ghost of Rayvis the Cleaver, an experienced MiFi of Makhleb (D:7)
  A necromancer (D:15)
  10 deep elf conjurers
  9 orb spiders
  3 orc sorcerers
  29 wolf spiders
  4 griffons
  4 cyclopes
  3 manticores
  10 black mambas
  3 ugly things
  6 hornets
  21 elephants
  2 molten gargoyles (Lair:5)
  17 spiny frogs
  A queen ant (Lair:4)
  4 torpor snails
  4 gargoyles
  A yaktaur (D:15)
  A redback zombie (D:15)
  An efreet (D:13)
  7 fire drakes
  A naga mage (D:15)
  A small abomination (Elf:1)
  8 demonic crawlers
  8 trolls
  A harpy zombie (D:15)
  12 deep elf priests
  A tengu conjurer (D:13)
  10 komodo dragons
  19 polar bears
  A harpy skeleton (D:15)
  3 giant leeches (Swamp:1)
  Prince Ribbit (D:8)
  2 baby alligators (Swamp:1)
  3 boulder beetles
  48 jumping spiders
  A two-headed ogre (D:9)
  2 bog bodies (Swamp:1)
  2 ravens (Swamp:2)
  2 blink frogs (Lair:8)
  16 trapdoor spiders
  9 basilisks
  4 wyverns
  13 deep elf magi
  A wraith (D:13)
  38 redbacks
  5 shadows
  A water elemental (D:12)
  24 tarantellas
  Eustachio (D:7)
  69 yaks
  3 steam dragons
  22 deep elf fighters
  12 hippogriffs
  11 vampire mosquitoes
  3 hungry ghosts
  4 mottled dragons
  26 wolves
  A warg (Orc:4)
  7 soldier ants
  5 insubstantial wisps (Swamp:1)
  7 swamp worms
  15 porcupines
  56 spiders
  2 necrophages
  32 orc warriors
  4 wasps
  24 water moccasins
  2 swamp drakes (Lair:8)
  4 phantoms
  11 ice beasts
  11 ogres
  2 sky beasts
  5 boggarts (D:15)
  A black bear (D:9)
  7 centaurs
  3 boring beetles
  26 crocodiles
  2 big kobolds
  A brain worm (D:15)
  25 giant frogs
  10 scorpions
  2 wyvern skeletons (D:11)
  35 killer bees
  4 electric eels
  26 wights
  A goliath beetle (D:9)
  5 lava snakes (Lair:5)
  7 crimson imps
  2 giant frog zombies
  32 jellies
  3 centaur zombies
  A gnoll shaman (D:6)
  7 hounds
  7 centaur skeletons
  6 giant frog skeletons
  45 orc priests
  A hell rat (Elf:1)
  11 iguanas
  48 orc wizards
  3 quasits
  2 sheep (D:13)
  36 worker ants
  2 hound skeletons
  A mummy (D:7)
  A worker ant zombie (D:7)
  28 gnolls
  31 adders
  2 shadow imps
  2 giant mites (D:13)
  58 river rats
  13 white imps
  11 worms
  An adder zombie (D:5)
  10 giant geckos
  4 oozes
  183 orcs
  A bat skeleton (D:5)
  2 gnoll zombies (D:3)
  23 goblins
  25 hobgoblins
  15 quokkas
  6 ball pythons
  20 bats
  13 giant cockroaches
  3 giant gecko skeletons
  A giant gecko zombie (D:8)
  6 giant newts
  3 giant spores
  20 jackals
  25 kobolds
  A quokka skeleton (D:4)
  2 quokka zombies (D:5)
  19 rats
  10 ballistomycetes
  A crawling corpse (Elf:1)
  4 fungi
  4 plants
1713 creatures vanquished.

Vanquished Creatures (others)
  A lindwurm (Lair:8)
  An orb spider (Spider:5)
  A tarantella (Spider:2)
  A killer bee (D:7)
  A hound (Lair:5)
  An orc (Orc:1)
  A giant spore (D:13)
  A rat (D:3)
  A ballistomycete (D:13)
  6 fungi
  3 plants (Lair:8)
18 creatures vanquished.

Grand Total: 1731 creatures vanquished

Notes
Turn   | Place    | Note
--------------------------------------------------------------
     0 | D:1      | Zugr, the Draconian Conjurer, began the quest for the Orb.
     0 | D:1      | Reached XP level 1. HP: 14/14 MP: 3/3
     2 | D:1      | Noticed a formicid
     4 | D:1      | Noticed a naga
     4 | D:1      | Noticed a troll
     6 | D:1      | Noticed a demigod
     6 | D:1      | Noticed a gargoyle
     8 | D:1      | Noticed a centaur
     8 | D:1      | Noticed an ogre
    10 | D:1      | Noticed a demonspawn
    12 | D:1      | Noticed a merfolk
    12 | D:1      | Noticed an elf
    14 | D:1      | Noticed a felid
    14 | D:1      | Noticed a ghoul
    16 | D:1      | Noticed an octopode
    16 | D:1      | Noticed a tengu
    18 | D:1      | Noticed a human
    20 | D:1      | Noticed a vine stalker
    20 | D:1      | Noticed a spriggan
    22 | D:1      | Noticed a minotaur
    24 | D:1      | Noticed a draconian
    24 | D:1      | Noticed a dwarf
    26 | D:1      | Noticed a vampire
   435 | D:1      | Reached XP level 2. HP: 18/20 MP: 0/5
   439 | D:1      | Learned a level 2 spell: Searing Ray
  1301 | D:2      | Reached XP level 3. HP: 16/26 MP: 0/6
  1811 | D:2      | Found a glowing golden altar of the Shining One.
  2212 | D:3      | Found a radiant altar of Vehumet.
  2228 | D:3      | Reached skill level 5 in Conjurations
  2228 | D:3      | Reached XP level 4. HP: 29/33 MP: 0/9
  2260 | D:2      | Learned a level 3 spell: Dazzling Spray
  2561 | D:3      | Found a basalt altar of Yredelemnul.
  3456 | D:3      | Reached XP level 5. HP: 38/38 MP: 6/11
  3775 | D:4      | Reached skill level 6 in Conjurations
  3922 | D:4      | Found a staircase to the Ecumenical Temple.
  3985 | Temple   | Entered the Ecumenical Temple
  4222 | D:3      | Became a worshipper of Vehumet
  4307 | D:4      | Reached XP level 6. HP: 41/45 MP: 1/13
  4432 | D:4      | Learned a level 3 spell: Mephitic Cloud
  4476 | D:4      | Reached skill level 7 in Conjurations
  5256 | D:4      | Found a shimmering altar of Xom.
  5291 | D:4      | Got a dazzling whip
  5305 | D:4      | Identified the +5 whip "Killer Klown's Doom" {slash, rC+ MR- Str+5 Int+4} (You took it off a hobgoblin on level 4 of the Dungeon)
  5414 | D:4      | Acquired Vehumet's first power
  5414 | D:4      | Offered knowledge of Shock by Vehumet.
  5833 | D:4      | Reached skill level 8 in Conjurations
  5833 | D:4      | Your scales start taking on a rich purple colour.
  5833 | D:4      | Reached XP level 7. HP: 50/50 MP: 13/17
  5989 | D:5      | Entered Level 5 of the Dungeon
  6042 | D:5      | Found a bloodstained altar of Trog.
  6089 | D:5      | Reached skill level 1 in Fighting
  6620 | D:5      | Found a sparkling altar of Nemelex Xobeh.
  6756 | D:5      | Got a slimy spear
  6757 | D:5      | Identified the +10 spear of Quick Death {venom, MP+9 Int+3} (You found it on level 5 of the Dungeon)
  7049 | D:5      | Learned a level 2 spell: Cure Poison
  7087 | D:5      | Reached skill level 9 in Conjurations
  7087 | D:5      | Reached XP level 8. HP: 64/66 MP: 18/18
  7093 | D:5      | Gained mutation: Your wings are large and strong. [potion of beneficial mutation]
  7289 | D:6      | Offered knowledge of Throw Frost by Vehumet.
  7914 | D:6      | Reached skill level 5 in Spellcasting
  8192 | D:6      | Offered knowledge of Stone Arrow by Vehumet.
  8463 | D:7      | Noticed Eustachio
  8488 | D:7      | Found a shadowy altar of Dithmenos.
  8492 | D:7      | Killed Eustachio
  8545 | D:7      | Found a flagged portal.
  8677 | D:7      | Got a slimy mace
  8678 | D:7      | Identified the +3 mace "Komeys" {crush, rElec Dex+6 SInv} (You found it on level 7 of the Dungeon)
  8716 | D:7      | Reached skill level 10 in Conjurations
  8734 | D:7      | Acquired Vehumet's second power
  8885 | D:7      | Noticed Rayvis' ghost (experienced MiFi)
  8926 | D:7      | Killed Rayvis' ghost
  8926 | D:7      | Reached XP level 9. HP: 43/71 MP: 24/24
  9430 | D:8      | Offered knowledge of Static Discharge by Vehumet.
  9569 | D:8      | Reached skill level 11 in Conjurations
  9907 | D:8      | Noticed Prince Ribbit
  9920 | D:8      | Killed Prince Ribbit
  9938 | D:8      | Noticed Erolcha
  9980 | D:8      | Killed Erolcha
  9980 | D:8      | Acquired Vehumet's third power
  9980 | D:8      | Reached skill level 10 in Spellcasting
  9980 | D:8      | Reached XP level 10. HP: 40/78 MP: 6/28
 10831 | D:9      | Found a staircase to the Lair.
 10835 | D:9      | You fall through a shaft!
 10835 | D:10     | Entered Level 10 of the Dungeon
 11061 | D:10     | Offered knowledge of Fireball by Vehumet.
 11067 | D:10     | Reached skill level 5 in Dodging
 11154 | D:10     | Learned a level 5 spell: Fireball
 11394 | D:10     | Noticed a hill giant
 11418 | D:10     | Killed a hill giant
 11418 | D:10     | Reached skill level 1 in Fire Magic
 11677 | D:10     | Noticed a cyan ugly thing
 11703 | D:10     | Killed a cyan ugly thing
 11818 | D:10     | Noticed a five-headed hydra
 11846 | D:10     | Killed a five-headed hydra
 11846 | D:10     | Reached skill level 5 in Fighting
 11846 | D:10     | Reached XP level 11. HP: 57/86 MP: 29/29
 12884 | D:11     | Learned a level 5 spell: Iskenderun's Battlesphere
 13428 | D:11     | Got a shimmering spear
 13430 | D:11     | Identified the +7 spear of Breach {venom, rPois Str+4} (You found it on level 11 of the Dungeon)
 13700 | D:12     | Offered knowledge of Freezing Cloud by Vehumet.
 13787 | D:12     | Noticed a centaur warrior
 13799 | D:12     | Killed a centaur warrior
 14107 | D:12     | Learned a level 2 spell: Blink
 14335 | D:12     | Reached skill level 12 in Spellcasting
 14335 | D:12     | Reached XP level 12. HP: 101/101 MP: 30/32
 14737 | D:12     | Found a staircase to the Orcish Mines.
 15126 | D:12     | Offered knowledge of Spellforged Servitor by Vehumet.
 15936 | D:13     | Noticed a vault guard
 16116 | D:13     | Noticed a vault guard
 16308 | D:13     | Killed a vault guard
 16314 | D:13     | Killed a vault guard
 16497 | D:13     | Found a gate to the Vaults.
 16497 | D:13     | Noticed a vault guard
 16497 | D:13     | Noticed a vault guard
 16515 | D:13     | Killed a vault guard
 16515 | D:13     | Reached skill level 5 in Fire Magic
 16518 | D:13     | Killed a vault guard
 16943 | D:9      | Reached skill level 13 in Spellcasting
 17026 | D:9      | Learned a level 6 spell: Bolt of Fire
 17654 | D:9      | Upgraded the game from 0.16.0-16-g311141a to 0.16.0-17-g811c1d7
 17970 | Lair:1   | Entered Level 1 of the Lair of Beasts
 18223 | Lair:1   | Reached skill level 10 in Fighting
 18223 | Lair:1   | Reached skill level 1 in Shields
 18470 | Lair:1   | Reached XP level 13. HP: 113/113 MP: 30/34
 18681 | Lair:2   | Noticed Gastronok
 18692 | Lair:2   | Killed Gastronok
 20339 | Lair:3   | Found a hole to the Spider Nest.
 20452 | Lair:3   | Noticed Erica
 20459 | Lair:3   | Killed Erica
 20555 | Lair:3   | Found a staircase to the Swamp.
 21230 | Lair:4   | Reached skill level 5 in Shields
 21606 | Lair:4   | Reached skill level 10 in Dodging
 21869 | Lair:4   | Offered knowledge of Poisonous Cloud by Vehumet.
 23549 | Lair:5   | Reached XP level 14. HP: 126/126 MP: 34/34
 25129 | Lair:7   | Offered knowledge of Ozocubu's Refrigeration by Vehumet.
 25540 | Lair:7   | Found a staircase to the Slime Pits.
 26162 | Lair:8   | Entered Level 8 of the Lair of Beasts
 26537 | Lair:8   | Found a frozen archway.
 26567 | IceCv    | Entered an ice cave
 27104 | IceCv    | Noticed a frost giant
 27121 | IceCv    | Killed a frost giant
 27450 | IceCv    | Reached skill level 14 in Spellcasting
 27482 | IceCv    | Reached skill level 10 in Fire Magic
 29011 | Lair:8   | Offered knowledge of Bolt of Cold by Vehumet.
 29385 | Lair:8   | Reached XP level 15. HP: 136/136 MP: 32/36
 31280 | Lair:3   | Learned a level 4 spell: Iskenderun's Mystic Blast
 31345 | Lair:3   | Identified a scroll of acquirement
 31348 | Lair:3   | Got a pitted large shield
 31359 | Lair:3   | Identified the +0 large shield "Reut" {rC+ Str+3 Dex+3} (You acquired it on level 3 of the Lair of Beasts)
 31647 | Orc:1    | Entered Level 1 of the Orcish Mines
 31930 | Lair:3   | Learned a level 4 spell: Cause Fear
 32356 | Orc:1    | Offered knowledge of Iron Shot by Vehumet.
 32517 | Orc:1    | Learned a level 6 spell: Iron Shot
 34338 | Orc:4    | Entered Level 4 of the Orcish Mines
 34364 | Orc:2    | Offered knowledge of Orb of Destruction by Vehumet.
 35475 | Orc:4    | Found Ducvenar's Jewellery Boutique.
 35475 | Orc:4    | Found Taabecru's Weapon Boutique.
 35476 | Orc:4    | Found Usourr's Distillery.
 35484 | Orc:4    | Found Siugahix's Antique Armour Shop.
 35826 | Orc:4    | Bought a potion of heal wounds for 75 gold pieces
 35826 | Orc:4    | Bought a potion of experience for 750 gold pieces
 35826 | Orc:4    | Reached skill level 15 in Spellcasting
 35826 | Orc:4    | Reached XP level 16. HP: 144/146 MP: 36/37
 35882 | Orc:4    | Bought a potion of brilliance for 60 gold pieces
 36113 | Orc:3    | Found a staircase to the Elven Halls.
 36251 | Orc:3    | Offered knowledge of Fire Storm by Vehumet.
 36251 | Orc:3    | Offered knowledge of Glaciate by Vehumet.
 36251 | Orc:3    | Offered knowledge of Chain Lightning by Vehumet.
 36973 | Spider:1 | Entered Level 1 of the Spider Nest
 38073 | Spider:2 | Noticed Arachne
 38251 | Spider:2 | Killed Arachne
 38918 | Spider:2 | Found a roughly hewn altar of Beogh.
 39656 | Spider:3 | Reached skill level 16 in Spellcasting
 40067 | Spider:3 | Reached XP level 17. HP: 154/154 MP: 39/39
 40484 | Spider:3 | Noticed Agnes
 40496 | Spider:3 | Killed Agnes
 40870 | Spider:4 | Gained mutation: You can spit poison. [potion of beneficial mutation]
 41050 | Spider:4 | Noticed Frances
 41055 | Spider:4 | Killed Frances
 41695 | Spider:5 | Entered Level 5 of the Spider Nest
 42565 | Spider:5 | Reached skill level 15 in Conjurations
 43339 | Spider:5 | Reached skill level 15 in Fighting
 43769 | Spider:5 | Reached skill level 17 in Spellcasting
 44435 | D:10     | Noticed a hill giant
 44438 | D:10     | Killed a hill giant
 45050 | D:13     | Noticed a centaur warrior
 45051 | D:13     | Killed a centaur warrior
 46917 | D:13     | Gained mutation: Your muscles are strong. (Str +2) [potion of mutation]
 46917 | D:13     | Gained mutation: You expend magic power (3 MP) to slightly strengthen your wands. [potion of mutation]
 46917 | D:13     | Gained mutation: Your body is slowly deteriorating. [potion of mutation]
 46918 | D:13     | Lost mutation: You can spit poison. [potion of cure mutation]
 46918 | D:13     | Lost mutation: Your muscles are strong. (Str +2) [potion of cure mutation]
 46918 | D:13     | Lost mutation: Your body is slowly deteriorating. [potion of cure mutation]
 47170 | Lair:3   | Lost mutation: You expend magic power (3 MP) to slightly strengthen your wands. [potion of cure mutation]
 47170 | Lair:3   | Lost mutation: Your wings are large and strong. [potion of cure mutation]
 48151 | D:14     | Found a sparkling altar of Nemelex Xobeh.
 48282 | D:14     | Got a crude quarterstaff
 48283 | D:14     | Identified the +8 quarterstaff "Eduimna" {crush, Contam +Rage MP+9} (You found it on level 14 of the Dungeon)
 48437 | D:15     | Entered Level 15 of the Dungeon
 49061 | D:15     | Got a coiled zirconium amulet
 49124 | D:15     | Identified the amulet of Darkness {Clar rF+} (You found it on level 15 of the Dungeon)
 49796 | D:15     | Found a staircase to the Depths.
 50027 | D:15     | Got a bound silver ring
 50168 | D:15     | Identified the ring of Jody {rElec rN+ Int+4} (You found it on level 15 of the Dungeon)
 50528 | Lair:3   | Reached XP level 18. HP: 163/163 MP: 40/40
 50670 | Swamp:1  | Entered Level 1 of the Swamp
 52679 | Swamp:2  | Paralysed by a hornet for 2 turns
 53299 | Elf:1    | Entered Level 1 of the Elven Halls
 53600 | Elf:1    | Found Otaobax's Weapon Boutique.
 53677 | Elf:1    | Found a magical portal.
 54352 | Elf:2    | Learned a level 2 spell: Repel Missiles
 54355 | Elf:2    | Learned a level 2 spell: Swiftness
 54710 | Elf:2    | Found a runed gate.
 54711 | Elf:2    | Found a runed gate.
 54711 | Elf:2    | Found a runed gate.
 54773 | Elf:2    | HP: 6/163 [vampiric glaive (9)]
 56200 | Elf:2    | HP: 5/163 [triple sword of freezing (19)]
 56200 | Elf:2    | HP: 1/163 [triple sword of freezing (4)]
 56200 | Elf:2    | Shot with an arrow by a deep elf priest

Action                   |  1- 3 |  4- 6 |  7- 9 | 10-12 | 13-15 | 16-18 || total
-------------------------+-------+-------+-------+-------+-------+-------++-------
Melee: Unarmed           |    37 |       |       |       |       |       ||    37
       Whip              |    10 |    13 |    45 |       |       |       ||    68
       Quarterstaff      |     8 |   121 |       |       |       |       ||   129
       Spear             |       |       |   143 |   261 |   709 |   541 ||  1654
       Staff             |       |       |       |       |       |     8 ||     8
Throw: Tomahawk          |       |       |       |       |       |     5 ||     5
 Cast: Magic Dart        |    54 |    89 |   169 |   322 |   413 |   151 ||  1198
       Searing Ray       |    13 |    57 |    26 |    28 |     7 |       ||   131
       Dazzling Spray    |       |     4 |     6 |   220 |   587 |   378 ||  1195
       Mephitic Cloud    |       |     4 |    12 |    28 |    11 |       ||    55
       Cure Poison       |       |       |     2 |     2 |     8 |    26 ||    38
       Fireball          |       |       |       |    26 |    36 |    32 ||    94
       Iskenderun's Batt |       |       |       |    17 |    15 |     2 ||    34
       Bolt of Fire      |       |       |       |    10 |   108 |   440 ||   558
       Blink             |       |       |       |     3 |    14 |    19 ||    36
       Iskenderun's Myst |       |       |       |       |     4 |     5 ||     9
       Cause Fear        |       |       |       |       |     3 |     5 ||     8
       Iron Shot         |       |       |       |       |       |    23 ||    23
       Swiftness         |       |       |       |       |       |     3 ||     3
       Repel Missiles    |       |       |       |       |       |     2 ||     2
 Abil: Breathe Dispellin |       |       |     1 |       |     2 |     7 ||    10
       Fly               |       |       |     1 |     1 |     3 |     1 ||     6
       Spit Poison       |       |       |       |       |       |     2 ||     2
Evoke: Wand              |       |       |       |     1 |     1 |     2 ||     4
  Use: Scroll            |     3 |     3 |     8 |     8 |    16 |    19 ||    57
       Potion            |       |       |     1 |     4 |     3 |    28 ||    36
 Stab: Invisible         |       |     1 |       |     5 |    27 |     9 ||    42
       Sleeping          |       |       |       |     1 |       |     1 ||     2
       Confused          |       |       |       |     1 |       |       ||     1
  Eat: Chunk             |     5 |     9 |     6 |    20 |    54 |    41 ||   135
       Meat ration       |       |     1 |     1 |     2 |     2 |    14 ||    20
       Fruit             |       |     2 |       |       |     4 |     1 ||     7
       Pizza             |       |       |     2 |     2 |     1 |     1 ||     6
       Beef jerky        |       |       |       |     4 |     9 |     6 ||    19
       Royal jelly       |       |       |       |     1 |     1 |       ||     2
       Bread ration      |       |       |       |       |     3 |     4 ||     7
